 Dungeon Crawl Stone Soup version 0.19-a0-1637-gfc13266 (webtiles) character file.

2263 hairmachine the Basher (level 9, -9/71 HPs)
             Began as a Formicid Abyssal Knight on Sept 19, 2016.
             Was a Priest of Lugonu.
             Mangled by an ogre
             ... wielding a +0 giant club
              (16 damage)
             ... on level 6 of the Dungeon.
             The game lasted 00:23:11 (8579 turns).

hairmachine the Basher (Formicid Abyssal Knight)    Turns: 8579, Time: 00:23:13

Health: -9/71      AC: 11    Str: 23      XL:     9   Next: 64%
Magic:  23/23      EV: 10    Int: 11 (14) God:    Lugonu [***...]
Gold:   334        SH:  5    Dex: 12      Spells: 0 memorised, 8 levels left

rFire  . . .     SeeInvis +     a - +1 mace
rCold  . . .     Gourm    .     E - +3 scale mail
rNeg   + . .     Faith    .     B - +0 buckler
rPois  .         Spirit   .     (helmet unavailable)
rElec  .         Dismiss  .     (no cloak)
rCorr  .         Reflect  .     (no gloves)
MR     +....     Harm     .     z - +1 pair of boots
Stlth  ..........               (no amulet)
                                C - ring of magical power
                                y - ring of positive energy

@: mighty
A: permanent stasis, dig shafts and tunnels, four strong arms, antennae 3,
blurry vision 1, clever 1, deterioration 1, magic resistance 1
a: Dig, Shaft Self, Depart the Abyss, Bend Space, Banish, Renounce Religion


You were on level 6 of the Dungeon.
You worshipped Lugonu.
Lugonu was most pleased with you.
You were not hungry.

You visited 2 branches of the dungeon, and saw 8 of its levels.
You visited the Abyss 1 time.

You collected 357 gold pieces.
You spent 23 gold pieces at shops.

Inventory:

Hand Weapons
 a - a +1 mace (weapon)
 w - a +0 blowgun
Missiles
 t - 105 stones (quivered)
 x - 21 poisoned needles
Armour
 z - a +1 pair of boots (worn)
 B - a +0 buckler (worn)
 E - a +3 scale mail (worn)
Jewellery
 y - a ring of positive energy (left hand)
 A - an uncursed ring of wizardry
 C - a ring of magical power (right hand)
Wands
 d - a wand of polymorph (15/24)
 i - a wand of lightning (8/15)
 k - a wand of digging (9/24)
 F - a wand of random effects (28/48)
Scrolls
 b - 2 scrolls of enchant armour {unknown}
 f - 7 scrolls of remove curse
 h - a scroll of enchant weapon {unknown}
 m - 4 scrolls of amnesia {unknown}
 o - 2 scrolls of blinking {unknown}
 p - 4 scrolls of identify
 s - a scroll of magic mapping {unknown}
 G - a scroll of noise {unknown}
Potions
 e - 3 potions of lignification
 n - a potion of cancellation
 v - a potion of berserk rage
Books
 j - a book of Clouds

   Spells                             Type                      Level
   a - Mephitic Cloud                 Conjuration/Poison/Air       3
   b - Conjure Flame                  Conjuration/Fire             3
   c - Poisonous Cloud                Conjuration/Poison/Air       6
   d - Freezing Cloud                 Conjuration/Ice/Air          6
   e - Ring of Flames                 Charms/Fire                  7
Comestibles
 c - 6 bread rations
 l - a royal jelly
 q - 4 meat rations
 r - 8 fruits
 u - 2 beef jerkies
 H - a chunk of flesh


   Skills:
 + Level 6.8 Fighting
 + Level 8.8 Maces & Flails
 - Level 2.1 Armour
 - Level 1.0 Dodging
 + Level 4.8 Shields
 + Level 6.7 Invocations


You had 8 spell levels left.
You didn't know any spells.

Dungeon Overview and Level Annotations

Branches:
Dungeon (7/15)             Temple (1/1) D:6

Altars:
Ashenzari
Cheibriados
Dithmenos
Elyvilon
Fedhas
Gozag
Hepliaklqana
Kikubaaqudgha
Makhleb
Okawaru
Qazlal
Trog
Uskayaw
Vehumet
Xom
Yredelemnul
The Shining One

Shops:
D:5 *[*


Innate Abilities, Weirdness & Mutations

You are under a permanent stasis effect.
You can dig through walls and to a lower floor.
Your four strong arms can wield two-handed weapons with a shield.
You have a pair of large antennae on your head. (SInv)
Scrolls take you a little longer to read.
Your mind is acute. (Int +2)
Your body sometimes deteriorates upon taking damage.
You are resistant to hostile enchantments. (MR+)


Message History

The ogre is heavily wounded.
You block the ogre's attack.
You hit the ogre.
The ogre is severely wounded.
The ogre hits you with a giant club!!
* * * LOW HITPOINT WARNING * * *
You feel better.
You are too injured to fight recklessly!
You are too injured to fight recklessly!
You are too injured to fight recklessly!
You completely miss the ogre.
The ogre is severely wounded.
You block the ogre's attack.
You hit the ogre.
The ogre is severely wounded.
The ogre hits you with a giant club!
* * * LOW HITPOINT WARNING * * *
You feel very mighty all of a sudden. The ogre hits you with a giant club!
You die...

## .. #.####
######. #.O@.#
...e... ####.#
#################.#
..................#
###################
..........#
#########.#
.....(.##.#
######.##.#


You could see an ogre.

Vanquished Creatures
  The ghost of flowsnake the Slasher, an amateur DsGl of Makhleb (D:5)
  Prince Ribbit (D:6)
  Sigmund (D:6)
  The ghost of sveltemanboy the Chucker, an amateur DsMo (D:4)
  Duvessa (D:6)
  A phantom (D:6)
  2 ogres
  A necrophage (D:6)
  3 centaurs
  A bullfrog (D:6)
  Dowan (D:6)
  A scorpion (D:4)
  2 crimson imps
  5 hounds
  A bullfrog skeleton (D:5)
  2 orc priests (D:6)
  A jelly (D:5)
  Crazy Yiuf (D:3)
  5 worker ants
  A hound zombie (D:6)
  A hound skeleton (D:6)
  A howler monkey skeleton (D:6)
  10 adders
  2 gnolls
  2 shadow imps
  2 oozes (D:1)
  A worm (D:3)
  5 dart slugs
  3 leopard geckos
  9 orcs
  A ball python (D:4)
  11 bats
  6 giant cockroaches
  8 goblins
  8 hobgoblins
  4 jackals (D:1)
  8 kobolds
  2 quokkas
  5 frilled lizards
  A leopard gecko skeleton (D:4)
  A quokka zombie (D:6)
  5 rats
129 creatures vanquished.

Notes
Turn   | Place    | Note
-------+----------+-------------------------------------------
     0 | Abyss:1  | hairmachine the Formicid Abyssal Knight began the quest for the Orb.
     0 | Abyss:1  | Reached XP level 1. HP: 18/18 MP: 2/2
     3 | D:1      | Escaped the Abyss
    51 | D:1      | Reached skill level 1 in Dodging
    62 | D:1      | Reached XP level 2. HP: 18/24 MP: 3/3
   116 | D:1      | You fall through a shaft!
   284 | D:2      | Reached skill level 3 in Maces & Flails
   284 | D:2      | Reached XP level 3. HP: 11/29 MP: 4/4
  1090 | D:1      | Reached XP level 4. HP: 32/35 MP: 5/5
  1209 | D:1      | Reached ** piety under Lugonu
  1209 | D:1      | Reached skill level 4 in Maces & Flails
  2085 | D:1      | Reached XP level 5. HP: 29/41 MP: 6/6
  2650 | D:3      | Reached skill level 5 in Maces & Flails
  2904 | D:3      | Found an iron altar of Okawaru.
  3155 | D:3      | Found a runed door.
  3208 | D:3      | Reached *** piety under Lugonu
  3363 | D:3      | Noticed Crazy Yiuf
  3364 | D:3      | Gained mutation: Your mind is acute. (Int +2) [potion of beneficial mutation]
  3374 | D:3      | Killed Crazy Yiuf
  3374 | D:3      | Reached XP level 6. HP: 29/47 MP: 7/7
  3602 | D:4      | Found a blossoming altar of Fedhas.
  3682 | D:4      | Noticed sveltemanboy's ghost (amateur DsMo)
  3787 | D:3      | Reached skill level 6 in Maces & Flails
  4196 | D:4      | Killed sveltemanboy's ghost
  4196 | D:4      | Reached XP level 7. HP: 34/52 MP: 8/8
  4330 | D:4      | Reached skill level 7 in Maces & Flails
  4534 | D:4      | You fall through a shaft for 3 floors!
  4555 | D:7      | Found a stormy altar of Qazlal.
  4853 | D:6      | Found a staircase to the Ecumenical Temple.
  4858 | Temple   | Entered the Ecumenical Temple
  4930 | D:6      | Noticed Sigmund
  4945 | D:6      | Killed Sigmund
  5026 | D:6      | Reached XP level 8. HP: 48/61 MP: 9/11
  5533 | D:5      | Entered Level 5 of the Dungeon
  5636 | D:4      | Found an ancient bone altar of Kikubaaqudgha.
  6236 | D:5      | Found Xammininuf's Assorted Antiques.
  6236 | D:5      | Found Cuosoxze's Antique Armour Boutique.
  6279 | D:5      | Reached skill level 5 in Fighting
  6298 | D:5      | Found Oshuceb's Assorted Antiques.
  6366 | D:5      | Reached skill level 1 in Shields
  6465 | D:5      | Noticed flowsnake's ghost (amateur DsGl)
  6760 | D:5      | Reached skill level 5 in Invocations
  6806 | D:5      | Gained mutation: Your body sometimes deteriorates upon taking damage. [potion of mutation]
  6806 | D:5      | Gained mutation: Scrolls take you a little longer to read. [potion of mutation]
  6806 | D:5      | Gained mutation: You are resistant to hostile enchantments. (MR+) [potion of mutation]
  6833 | D:5      | Killed flowsnake's ghost
  6833 | D:5      | Reached skill level 8 in Maces & Flails
  7151 | D:5      | Bought a fizzy red potion for 23 gold pieces
  7200 | D:5      | Reached XP level 9. HP: 69/69 MP: 13/13
  7546 | D:6      | Noticed Dowan
  7547 | D:6      | Noticed Duvessa
  7714 | D:6      | Killed Duvessa
  7719 | D:6      | Killed Dowan
  7953 | D:6      | Noticed Prince Ribbit
  7975 | D:6      | Killed Prince Ribbit
  8579 | D:6      | Mangled by an ogre

Vault maps used:
D:1:      minmay_arrival_cross, bh_walls_and_bars
D:2:      first_bread, grunt_decor_mini_mirrors, st_stairs_4
D:3:      okawaru_metal_pillars_1_2, uniq_crazy_yiuf_cottage
D:4:      marbit_many_paths, lemuel_doored_altar
D:5:      serial_shops, shop, shop, nicolae_shop_waterfront, grunt_ministairs_7
D:6:      uniq_prince_ribbit1, uniq_duvessa, uniq_sigmund
D:7:      grunt_temple_overflow_open
Temple:   nicolae_temple_great_sept

Skill      XL: |  1  2  3  4  5  6  7  8  9 |
---------------+----------------------------+-----
Dodging        | 1 |  1.0
Maces & Flails | 3 4 5 6 7 8 |  8.8
Fighting       | 4 5 6 |  6.8
Invocations    | 4 5 6 |  6.7
Shields        | 2 4 |  4.8
Armour         | |  2.1

Action                   |  1- 3 |  4- 6 |  7- 9 || total
-------------------------+-------+-------+-------++-------
Melee: Mace              |    68 |   194 |   374 ||   636
 Fire: Blowgun           |       |     2 |       ||     2
 Abil: Shaft Self        |     1 |       |       ||     1
  Use: Scroll            |       |     6 |     2 ||     8
       Potion            |       |     3 |    14 ||    17
 Stab: Invisible         |       |     2 |       ||     2
  Eat: Chunk             |     1 |     8 |    12 ||    21
       Bread ration      |       |     1 |       ||     1
Armor: Ring mail         |    17 |       |       ||    17
       Leather armour    |     3 |       |       ||     3
       Scale mail        |     5 |    72 |   134 ||   211
Dodge: Dodged            |    36 |   102 |   150 ||   288
Block: Buckler           |       |       |    52 ||    52
